 Dungeon Crawl Stone Soup version 0.30.0-29-ga12c61a403 (webtiles) character file.

Game seed: 13898317551977434489

94077 ChadusMaximus the Convoker (level 16, -27/117 HPs)
             Began as a Barachi Summoner on June 23, 2023.
             Was a High Priest of Hepliaklqana.
             Killed from afar by a deep elf annihilator (34 damage)
             ... with a bolt of lightning
             ... on level 12 of the Dungeon.
             The game lasted 00:47:48 (27631 turns).

ChadusMaximus the Convoker (Barachi Summoner)      Turns: 27631, Time: 00:47:50

Health: -27/117    AC:  9    Str: 10    XL:     16   Next: 10%
Magic:  16/31      EV: 17    Int: 39    God:    Hepliaklqana [*****.]
Gold:   448        SH:  8    Dex: 14    Spells: 21/38 levels left

rFire   . . .        V - +7 broad axe (venom)
rCold   . . .        Y - +0 buckler {reflect}
rNeg    . . .        l - +1 robe {Will+}
rPois   .            W - +1 helmet "Plog" {Int+5 Stlth+}
rElec   .            w - +0 cloak
rCorr   .            a - +2 pair of gloves
SInv    .            (no boots)
Will    ++...        z - amulet of reflection
Stlth   +++          c - +6 ring of intelligence
HPRegen 0.39/turn    I - +6 ring of intelligence
MPRegen 0.22/turn

%: reflection
@: slow
A: reduced essence, amphibious, slowness 1, strong legs 2, +LOS
a: Hop, Renounce Religion, Recall Ancestor, Ancestor Identity, Transference,
Idealise


You were on level 12 of the Dungeon.
You worshipped Hepliaklqana.
Hepliaklqana was extremely pleased with you.
You visited 4 branches of the dungeon, and saw 20 of its levels.
You also visited: Ossuary and Bailey.

You collected 2312 gold pieces.
You spent 1864 gold pieces at shops.

Inventory:

Hand Weapons
 V - a +7 broad axe of venom (weapon)
Armour
 a - a +2 pair of gloves (worn)
 l - a +1 robe of willpower (worn)
 w - a +0 cloak (worn)
 y - the +0 leather armour of the Twenty Beggars {Dex+2}
   (You found it on level 4 of the Dungeon)

   Dex:       It affects your dexterity (+2).
 W - the +1 helmet "Plog" (worn) {Int+5 Stlth+}
   (You found it in a bailey)

   Int:       It affects your intelligence (+5).
   Stlth:     It makes you more stealthy.
 Y - a +0 buckler of reflection (worn)
Jewellery
 c - a +6 ring of intelligence (left hand)
 e - a +4 ring of protection
 p - an amulet of faith
 z - an amulet of reflection (around neck)
 H - a +6 ring of intelligence
 I - a +6 ring of intelligence (right hand)
 L - a ring of wizardry
Wands
 i - a wand of flame (4)
 m - a wand of mindburst (14)
 u - a wand of digging (6)
 x - a wand of paralysis (28)
 K - a wand of iceblast (22)
 T - a wand of polymorph (14)
Scrolls
 d - a scroll of torment
 q - 2 scrolls of poison
 r - 3 scrolls of noise
 s - 5 scrolls of teleportation
 t - 4 scrolls of fear
 A - 5 scrolls of vulnerability
 B - 3 scrolls of immolation
 E - 2 scrolls of enchant armour
 F - 4 scrolls of fog
 J - a scroll of silence
 M - 6 scrolls of magic mapping
 O - 2 scrolls of summoning
 P - 6 scrolls of blinking
 Q - 4 scrolls of amnesia
Potions
 b - 3 potions of magic
 g - a potion of berserk rage
 h - 3 potions of flight
 j - 4 potions of attraction {unknown}
 k - 19 potions of curing
 o - 19 potions of heal wounds
 v - 4 potions of haste
 C - 4 potions of brilliance
 D - 3 potions of lignification {unknown}
 N - a potion of ambrosia {unknown}
 R - 5 potions of mutation {unknown}
 S - a potion of degeneration {unknown}
 U - a potion of invisibility {unknown}
 X - 2 potions of might
 Z - 2 potions of cancellation


   Skills:
 + Level 13.2 Fighting
 - Level 12.0 Axes
 + Level 12.5 Dodging
 - Level 2.0 Stealth
 - Level 11.9 Spellcasting
 - Level 19.5 Summonings
 - Level 5.1 Invocations


You had 21 spell levels left.
You knew the following spells:

 Your Spells              Type           Power      Damage    Failure   Level
a - Summon Small Mammal   Summ           100%       N/A       0%          1
b - Call Canine Familiar  Summ           100%       N/A       0%          3
c - Call Imp              Summ           100%       N/A       0%          2
d - Summon Lightning Spi  Summ/Air       79%        N/A       1%          4
e - Summon Hydra          Summ           54%        N/A       1%          7

Your spell library contained the following spells:

 Spells                   Type           Power      Damage    Failure   Level
 Summon Guardian Golem    Hex/Summ       79%        N/A       1%          3
 Summon Cactus Giant      Summ           54%        N/A       1%          6
 Apportation              Tloc           46%        N/A       2%          1
 Magic Dart               Conj           92%        1d7       2%          1
 Necrotise                Necr           92%        1d8       2%          1
 Poisonous Vapours        Pois/Air       46%        N/A       3%          2
 Scorch                   Fire           46%        2d6       3%          2
 Searing Ray              Conj           46%        2d6       3%          2
 Sublimation of Blood     Necr           23%        N/A       3%          2
 Wereblood                Tmut           23%        N/A       3%          2
 Dazzling Flash           Conj/Hex       46%        N/A       7%          3
 Mephitic Cloud           Conj/Pois/Air  23%        N/A       7%          3
 Ozocubu's Armour         Ice            23%        N/A       7%          3
 Tukima's Dance           Hex            23%        N/A       7%          3
 Vhi's Electric Charge    Tloc/Air       46%        N/A       7%          3
 Flame Wave               Conj/Fire      23%        2d8       24%         4
 Fulminant Prism          Conj/Hex       11%        3d9       24%         4
 Passage of Golubria      Tloc           23%        N/A       24%         4
 Malign Gateway           Summ/Tloc      39%        N/A       34%         7
 Spellforged Servitor     Conj/Summ      39%        N/A       34%         7
 Agony                    Necr           23%        N/A       54%         5
 Alistair's Intoxication  Tmut/Pois      15%        N/A       54%         5
 Arcjolt                  Conj/Air       11%        1d21      54%         5
 Borgnjor's Vile Clutch   Necr/Erth      11%        N/A       54%         5
 Freezing Cloud           Conj/Ice/Air   11%        6-21      54%         5
 Silence                  Hex/Air        11%        N/A       54%         5
 Yara's Violent Unravell  Hex/Tmut       11%        3d6       54%         5
 Eringya's Noxious Bog    Tmut/Pois      11%        N/A       98%         6
 Orb of Destruction       Conj           11%        9d6       100%        7
 Ozocubu's Refrigeration  Ice            11%        4d10      100%        7
 Maxwell's Capacitive Co  Air            11%        ∞         100%        8


Dungeon Overview and Level Annotations

Branches:
Dungeon (12/15)            Temple (1/1) D:6            Lair (5/5) D:11
 Shoals (0/4) Lair:3       Spider (0/4) Lair:2        Slime (0/5) Lair:4
    Orc (2/2) D:11            Elf (0/3) Orc:2       Ossuary (visited)
 Bailey (visited)

Altars:
Ashenzari
Cheibriados
Dithmenos
Elyvilon
Fedhas
Gozag
Hepliaklqana
Kikubaaqudgha
Makhleb
Nemelex Xobeh
Okawaru
Qazlal
Ru
Sif Muna
Trog
Uskayaw
Vehumet
Wu Jian
Xom
Yredelemnul
Zin
The Shining One

Shops:
D:3 :   Orc:1 *   Orc:2 ?[?*[

Annotations:
D:6 3 runed translucent doors, ripuliukko's ghost, novice DEEE
Lair:5 exclusion: obsidian statue


Innate Abilities, Weirdness & Mutations

Your life essence is reduced to manifest your ancestor. (-10% HP)
You are amphibious.
You cover ground slowly.
You can hop long distances.
You have an extended range of vision and can be seen from far away.


Message History

The queen bee barely misses you.
The deep elf annihilator mumbles some strange words.
The deep elf annihilator blinks!
The efreet gestures at you.
The fireball explodes!
The fireball engulfs you!! The fireball engulfs your warg!
The fireball engulfs Eadburga.
Eadburga resists.
The fireball engulfs the queen bee!
You hear an angry hiss.
You hear a shout! x2; You hear an angry buzzing noise.
You closely miss the queen bee.
The queen bee is severely wounded.
You block the queen bee's attack.
Unknown command.
Okay, then.
You kill the queen bee!
A meliai comes into view. It is wielding a +0 hand axe.
Casting: Summon Hydra (dangerous; 1% risk of failure)
Confirm with . or Enter, or press ? or * to list all spells.
Your warg disappears in a puff of smoke!
Casting: Call Canine Familiar (safe; 0% risk of failure)
Confirm with . or Enter, or press ? or * to list all spells.
A 12-headed hydra appears.
Eadburga hits the deep elf annihilator with a +0 broad axe of flaming!
Eadburga burns the deep elf annihilator.
The deep elf annihilator barely misses Eadburga.
The efreet gestures at you. The bolt of fire hits you!
The meliai calls down the wrath of its god upon you.
Something smites you!
A meliai comes into view. It is wielding a +0 war axe.
Your warg barely misses the meliai.
The meliai hits your warg with a +0 hand axe!
The meliai closely misses your warg.
Eadburga hits the deep elf annihilator with a +0 broad axe of flaming.
Eadburga burns the deep elf annihilator.
The deep elf annihilator casts a spell at you.
The bolt of lightning hits Eadburga!!!
The bolt of lightning hits you!!
* * * LOW HITPOINT WARNING * * *
The bolt of lightning hits you!!
You die...

#.##.....#.###.#...#†#
R#..#...#.###.#.....# #
#.##.#..#.###.#.....#.
.###.#...#.###.#†..#.#
###.#...#.#.##.#†))#.# .#
###.#....#.#..#.....#.)#
.###.#....#.##..†)y..##
#†##.#.........##(##.†....
.#..#........###@†.###....
#.##.......###.D.#...###..
..........###.#†#R#.#.# .
.........###.#hR..e..#.#
.......###....y○#!#......
......## #..##§.☼....##..#
.....## ... ##.#?# ## ..
..#.## .# #..#° ....# #.#
#


You could see the friendly Eadburga the knight, a deep elf annihilator (ally
target), an efreet (ally target), 2 meliai, a friendly 12-headed hydra
(summoned) and a friendly warg (summoned).

Vanquished Creatures
  A dire elephant (Lair:5)
  A two-headed ogre (D:11)
  A death yak (Lair:4)
  A necromancer (Lair:5)
  An orc sorcerer (Orc:2)
  A cyclops (D:12)
  4 cane toads
  A queen bee (D:12)
  2 trolls
  A polar bear (D:11)
  A hornet (D:6)
  3 blink frogs
  A wraith (D:11)
  A centaur simulacrum (D:11)
  A shadow (D:12)
  A dire elephant simulacrum (Lair:5)
  A wyvern (D:11)
  2 basilisks
  9 yaks
  3 vampire mosquitoes
  4 water moccasins
  An ice beast (D:7)
  3 orc warriors
  A meliai simulacrum (D:11)
  A sky beast (D:7)
  2 ogres
  4 wolves
  An elephant skeleton (Lair:5)
  4 centaurs
  3 bullfrogs
  3 scorpions
  14 killer bees
  A howler monkey (D:5)
  2 centaur zombies (Ossuary)
  3 hounds
  2 orc priests (Orc:2)
  3 iguanas
  A scorpion zombie (Ossuary)
  5 orc wizards
  Robin (D:2)
  2 gnolls (D:7)
  5 adders
  A shadow imp (D:5)
  4 white imps
  4 ufetubi
  A worm (D:5)
  A dart slug (D:3)
  17 orcs
  4 bats
  An endoplasm (D:3)
  A giant cockroach (D:3)
  6 goblins
  7 hobgoblins
  6 kobolds
  2 quokkas
  A ball python (D:2)
  5 frilled lizards
  A kobold zombie (Ossuary)
  9 rats
174 creatures vanquished.

Vanquished Creatures (collateral kills)
  Jorgrun (D:12)
  An orc warlord (Bailey)
  3 dire elephants (Lair:5)
  Nessos (Orc:2)
  Josephine (D:11)
  Fannar (D:11)
  2 hydras
  Erolcha (D:11)
  A centaur warrior (D:9)
  2 boulder beetles
  A catoblepas (Lair:5)
  14 death yaks
  A tengu warrior (D:12)
  5 two-headed ogres
  4 orc high priests (Orc:2)
  Urug (Lair:5)
  A spectral death yak (Lair:5)
  A skyshark (Lair:3)
  A deep troll (D:11)
  A lindwurm (Lair:2)
  A spectral anaconda (Lair:5)
  4 orc knights (Orc:2)
  A deep elf pyromancer (D:12)
  2 necromancers (Lair:5)
  An ugly thing (D:12)
  2 cyclopes
  4 orc sorcerers (Orc:2)
  2 oklob plants (Lair:3)
  A manticore (D:11)
  5 elephants (Lair:5)
  4 black mambas
  7 cane toads
  2 rime drakes
  Maggie (D:8)
  2 unseen horrors
  8 komodo dragons
  2 trolls
  A meliai (shapeshifter) (D:9)
  2 polar bears (D:11)
  A meliai (D:12)
  11 blink frogs
  Grinder (D:5)
  5 centaur simulacra (D:11)
  A water elemental (D:11)
  Sigmund (D:2)
  A spectral elephant (Lair:5)
  A culicivora (Lair:2)
  3 slime creatures
  A shadow (D:6)
  5 wyverns
  25 yaks
  6 wraiths
  A vampire (D:11)
  2 basilisks
  2 death yak simulacra (Lair:5)
  A steam dragon (D:7)
  4 vampire mosquitoes
  2 wargs (Orc:2)
  4 acid dragons
  11 water moccasins
  29 orc warriors
  2 ice beasts
  2 sky beasts
  A black bear (D:5)
  3 ogres
  6 wolves
  9 centaurs
  An elephant skeleton (Lair:5)
  2 kobold brigands
  5 bullfrogs
  2 gnoll sergeants
  8 scorpions
  2 cane toad simulacra (Lair:5)
  16 killer bees
  4 electric eels
  3 howler monkeys (D:9)
  4 human zombies
  2 hounds
  A jelly (D:6)
  18 orc priests
  3 gnoll boudas
  A sleepcap (D:5)
  Jessica (D:3)
  3 scorpion zombies (Ossuary)
  An iguana (D:11)
  19 orc wizards
  3 mummies (Ossuary)
  An adder (D:6)
  26 gnolls
  6 white imps
  An ufetubus (D:11)
  A dart slug (D:4)
  71 orcs
  An endoplasm (D:4)
  A giant cockroach (D:1)
  2 gnoll zombies (Ossuary)
  17 goblins
  10 hobgoblins
  A ball python (D:3)
  A frilled lizard (D:3)
  2 goblin zombies
  2 orc zombies (Ossuary)
  2 butterflies (Lair:1)
481 creatures vanquished.

Vanquished Creatures (others)
  A shadow (D:11)
  13 knights
  5 ancestors
  An orc wizard (Orc:2)
  A hobgoblin (D:2)
21 creatures vanquished.

Grand Total: 676 creatures vanquished

Notes
Turn   | Place    | Note
-------+----------+-------------------------------------------
     0 | D:1      | ChadusMaximus the Barachi Summoner began the quest for the
                  | Orb.
     0 | D:1      | Reached XP level 1. HP: 13/13 MP: 3/3
   282 | D:1      | Reached XP level 2. HP: 19/19 MP: 5/5
   285 | D:1      | Reached skill level 5 in Summonings
   793 | D:2      | Noticed Robin
   802 | D:2      | Reached XP level 3. HP: 15/24 MP: 3/6
   817 | D:2      | Killed Robin
   821 | D:2      | HP: 1/24 [hobgoblin[Robin] (3)]
   829 | D:2      | Noticed Sigmund
   990 | D:3      | Reached XP level 4. HP: 30/30 MP: 8/8
  1044 | D:3      | Noticed Jessica
  1050 | D:3      | Killed Jessica
  1051 | D:3      | Reached skill level 6 in Summonings
  1085 | D:3      | Found Muameamn's Book Boutique.
  1177 | D:3      | Found a basalt altar of Yredelemnul.
  1292 | D:3      | Reached XP level 5. HP: 27/35 MP: 8/10
  1789 | D:3      | Learned a level 3 spell: Call Canine Familiar
  1792 | D:3      | Learned a level 2 spell: Call Imp
  1950 | D:2      | Killed Sigmund
  1951 | D:2      | Reached skill level 7 in Summonings
  1951 | D:2      | Reached XP level 6. HP: 40/41 MP: 1/12
  2114 | D:4      | Reached skill level 8 in Summonings
  2180 | D:4      | Reached XP level 7. HP: 16/46 MP: 13/13
  2737 | D:4      | Identified the +0 leather armour of the Twenty Beggars
                  | {Dex+2}
  2776 | D:5      | Entered Level 5 of the Dungeon
  2820 | D:5      | Reached skill level 5 in Spellcasting
  2820 | D:5      | Reached skill level 9 in Summonings
  3143 | D:5      | Reached XP level 8. HP: 14/52 MP: 10/16
  3329 | D:5      | Reached skill level 10 in Summonings
  3422 | D:5      | Noticed Grinder
  3437 | D:5      | Killed Grinder
  4116 | D:5      | Found a shimmering blue altar of Sif Muna.
  5526 | D:6      | Noticed a shadow
  5537 | D:6      | Reached skill level 11 in Summonings
  5548 | D:5      | Learned a level 4 spell: Summon Lightning Spire
  5651 | D:6      | Killed a shadow
  5679 | D:6      | Reached XP level 9. HP: 47/57 MP: 17/19
  5697 | D:6      | Identified the +0 plate armour "Cofiown" {Slay+2}
  5763 | D:6      | Reached skill level 12 in Summonings
  5869 | D:6      | Found a runed translucent gate.
  5871 | D:6      | Found a runed translucent gate.
  5909 | D:6      | Noticed a hornet
  5922 | D:6      | Killed a hornet
  6048 | D:6      | Found a runed translucent gate.
  6051 | D:6      | Noticed a boulder beetle
  6051 | D:6      | Noticed ripuliukko's ghost (novice DEEE)
  6166 | D:6      | Reached skill level 13 in Summonings
  6230 | D:6      | Found a staircase to the Ecumenical Temple.
  6249 | Temple   | Entered the Ecumenical Temple
  6520 | Temple   | Became a worshipper of Hepliaklqana the Forgotten
  7329 | D:7      | Reached skill level 14 in Summonings
  7329 | D:7      | Reached XP level 10. HP: 21/63 MP: 10/22
  8309 | D:8      | Reached * piety under Hepliaklqana
  8357 | D:8      | Found a sand-covered staircase.
  8375 | Ossuary  | Entered an ossuary
  8564 | Ossuary  | Reached skill level 15 in Summonings
  8836 | D:8      | Noticed Maggie
  8847 | D:8      | Killed Maggie
  8878 | D:8      | Found a radiant altar of Vehumet.
  8881 | D:8      | Found a glowing silver altar of Zin.
  8948 | D:8      | Found a flagged portal.
  8962 | Bailey   | Entered a bailey
  9597 | Bailey   | Reached skill level 16 in Summonings
  9758 | Bailey   | Noticed an orc warlord
  9785 | Bailey   | Killed an orc warlord
  9786 | Bailey   | Reached skill level 10 in Spellcasting
  9786 | Bailey   | Reached XP level 11. HP: 61/61 MP: 4/25
  9807 | Bailey   | Identified the +1 helmet "Plog" {Int+5 Stlth+}
 10379 | D:8      | Reached ** piety under Hepliaklqana
 10421 | D:8      | Remembered your ancestor Eadburga as a knight
 10426 | D:8      | Reached XP level 12. HP: 81/81 MP: 26/26
 10427 | D:8      | Reached skill level 10 in Fighting
 10427 | D:8      | Gained mutation: You can hop long distances. [Barachi
                  | growth]
 10427 | D:8      | Reached XP level 13. HP: 92/92 MP: 27/27
 10539 | D:9      | Reached skill level 10 in Dodging
 10764 | D:9      | Found a shimmering altar of Xom.
 11188 | D:10     | Entered Level 10 of the Dungeon
 11578 | D:10     | Reached skill level 1 in Axes
 11819 | D:10     | Reached skill level 1 in Invocations
 12549 | D:3      | Bought the Precepts of the Commander for 560 gold pieces
 12559 | D:3      | Learned a level 7 spell: Summon Hydra
 13156 | D:11     | Noticed Erolcha
 13186 | D:11     | Killed Erolcha
 13187 | D:11     | Reached skill level 5 in Axes
 13790 | D:11     | Noticed Fannar
 13801 | D:11     | Killed Fannar
 13825 | D:11     | Reached XP level 14. HP: 79/101 MP: 6/28
 14274 | D:11     | Found a staircase to the Lair.
 15020 | D:11     | Reached *** piety under Hepliaklqana
 15326 | D:11     | Noticed Josephine
 15337 | D:11     | Reached skill level 5 in Invocations
 15352 | D:11     | Killed Josephine
 15681 | D:11     | Found a staircase to the Orcish Mines.
 15847 | Lair:1   | Entered Level 1 of the Lair of Beasts
 16215 | Lair:1   | Reached skill level 10 in Axes
 17779 | Lair:2   | Reached **** piety under Hepliaklqana
 17796 | Lair:2   | Identified the +1 quarterstaff of an ice cave {heavy, Will-
                  | Str+8 Int+3}
 18333 | Lair:2   | Found a hole to the Spider Nest.
 18838 | Lair:3   | Found a staircase to the Shoals.
 20339 | Lair:4   | Reached ***** piety under Hepliaklqana
 20364 | Lair:4   | Reached skill level 17 in Summonings
 20478 | Lair:4   | Found a staircase to the Slime Pits.
 20962 | Lair:4   | Reached XP level 15. HP: 103/107 MP: 9/29
 20973 | Lair:4   | Reached skill level 18 in Summonings
 21315 | Lair:5   | Entered Level 5 of the Lair of Beasts
 21315 | Lair:5   | Noticed Urug
 22119 | Lair:5   | Killed Urug
 23200 | Lair:5   | Reached skill level 19 in Summonings
 24422 | Lair:5   | Identified the +4 ring mail of Sloth {rC+++ MP-9 Str+5
                  | Dex+2}
 25082 | Orc:1    | Entered Level 1 of the Orcish Mines
 25158 | Orc:1    | Found Ushrin's Assorted Antiques.
 25267 | Orc:2    | Entered Level 2 of the Orcish Mines
 25316 | Orc:2    | Noticed Nessos
 25334 | Orc:2    | Killed Nessos
 25711 | Orc:2    | Found a staircase to the Elven Halls.
 25923 | Orc:2    | Found Istrusaik's Magic Scroll Boutique.
 25996 | Orc:2    | Bought a scroll of blinking for 135 gold pieces
 26029 | Orc:2    | Found Pennoo's Antique Armour Boutique.
 26725 | Orc:2    | Found Kailup's Magic Scroll Boutique.
 26734 | Orc:2    | Found Zemit's Antique Armour Emporium.
 26831 | Orc:2    | Bought a scroll of identify for 34 gold pieces
 26831 | Orc:2    | Bought a scroll of identify for 34 gold pieces
 26831 | Orc:2    | Bought a scroll of identify for 34 gold pieces
 26831 | Orc:2    | Bought a scroll of identify for 34 gold pieces
 26836 | Orc:2    | Found Karische's Assorted Antiques.
 26959 | Orc:2    | Bought a runed buckler for 217 gold pieces
 26973 | Orc:2    | Bought a scroll of teleportation for 96 gold pieces
 26973 | Orc:2    | Bought a scroll of enchant weapon for 240 gold pieces
 26973 | Orc:2    | Bought a potion of cancellation for 256 gold pieces
 26973 | Orc:2    | Bought a scroll of teleportation for 96 gold pieces
 26991 | Orc:2    | Bought a scroll of identify for 64 gold pieces
 26991 | Orc:2    | Bought a scroll of identify for 64 gold pieces
 27391 | D:12     | Noticed Jorgrun
 27402 | D:12     | Killed Jorgrun
 27404 | D:12     | Reached XP level 16. HP: 95/116 MP: 14/31
 27625 | D:12     | Identified the ring "Qorphatu" {EV+5 Int+3}
 27631 | D:12     | Killed from afar by a deep elf annihilator

Illustrated notes

Levels and vault maps discovered:
D:1:      dpeg_arrival_rooms_c, layout_basic
D:2:      layout_rooms, nicolae_concentric_dashed_squares_wild, uniq_robin,
          uniq_sigmund
D:3:      layout_basic, mainiacjoe_overflow_six_doors_small, serial_shops,
          nicolae_shop_back_alley_shop, uniq_jessica
D:4:      nicolae_BIG_FREAKIN_CUBE, layout_cave_pools,
          kennysheep_generic_room_11
D:5:      layout_basic, tgw_sif, kennysheep_doodads, glass_columns_a,
          uniq_grinder
D:6:      layout_rooms, temple_green, gammafunk_ghost_split,
          minmay_fractal_squares_5
D:7:      layout_basic
D:8:      layout_loops_ring, nicolae_overflow_squiral, enter_bailey_5,
          enter_ossuary_3, dreamdust_wishing_well, uniq_maggie
D:9:      layout_rooms, amethyst_killhole, minmay_ruined_shrine
D:10:     layout_roguey [special_room_orc]
D:11:     nzn_winding_woodlands_small [nzn_winding_woodlands_5x15_longhouse,
          nzn_winding_woodlands_center_diamonds,
          nzn_winding_woodlands_5x15_sidewinder], layout_rooms,
          minmay_lair_entry_grove, david_orc_4, serial_ice, serial_ice_f,
          serial_ice_m, serial_ice_n, serial_ice_g, serial_ice_e, serial_ice_o,
          serial_ice_c, serial_ice_b, serial_ice_j, serial_ice_d, uniq_erolcha,
          uniq_josephine, uniq_fannar
D:12:     regret_index_bee_streams, layout_irregular_city,
          hangedman_decor_opposing, uniq_jorgrun
Temple:   dpeg_five_rooms_temple
Lair:1:   layout_small_grid, lemuel_fruit_fields, grunt_megastairs_2
Lair:2:   layout_gridlike, hellmonk_spider_entry_life_and_decay
Lair:3:   layout_gridlike, minmay_shoals_entry_centaurs,
          grunt_forest_stairs_basic, hangedman_lair_unloving_vines, dpeg_oklob_1
Lair:4:   layout_gridlike, slime_entry_1
Lair:5:   due_jungle_book, layout_layer_cave, uniq_urug
Orc:1:    layout_caves, basic_altar, serial_shops, shop, minmay_orc_keep
Orc:2:    st_orc_elflike, layout_diamond_mine, serial_shops, shop, uniq_nessos

Skill      XL: |  1  2  3  4  5  6  7  8  9 10 11 12 13 14 15 16 |
---------------+-------------------------------------------------+-----
Stealth        | 2 |  2.0
Summonings     | 5 6 7 8 9 11 14 16 17 19 | 19.5
Spellcasting   | 3 4 5 6 8 10 11 | 11.9
Fighting       | 7 10 11 12 13 | 13.2
Dodging        | 7 9 11 12 | 12.5
Axes           | 7 12 | 12.0
Invocations    | 4 5 |  5.1

Action                     |  1- 3 |  4- 6 |  7- 9 | 10-12 | 13-15 | 16-18 || total
---------------------------+-------+-------+-------+-------+-------+-------++-------
  Melee: Club              |    14 |       |       |       |       |       ||    14
         Unarmed           |     2 |       |       |       |       |       ||     2
         Short sword       |    85 |    63 |   317 |   156 |       |       ||   621
         Punch             |     1 |     1 |     4 |     5 |     6 |       ||    17
         Broad axe         |       |       |       |       |   424 |    27 ||   451
   Cast: Summon Small Mamm |    11 |    11 |     1 |     8 |    11 |       ||    42
         Call Canine Famil |       |     3 |    21 |    20 |    73 |     2 ||   119
         Call Imp          |       |     2 |    12 |    11 |    13 |       ||    38
         Summon Lightning  |       |       |     3 |    15 |    66 |     1 ||    85
         Summon Hydra      |       |       |       |       |    80 |     3 ||    83
 Invoke: Ancestor Life: Kn |       |       |       |     1 |       |       ||     1
Ability: Hop               |     1 |       |     1 |     3 |     6 |       ||    11
    Use: Potion            |     1 |       |       |     2 |       |       ||     3
         Scroll            |       |       |       |     7 |    21 |       ||    28
   Stab: Sleeping          |     1 |       |     4 |     1 |     2 |       ||     8
         Distracted        |       |     1 |       |     2 |     4 |       ||     7
 Armour: Robe              |    40 |    18 |   126 |    56 |   175 |    11 ||   426
  Dodge: Dodged            |    52 |    41 |   192 |    82 |   502 |    54 ||   923
  Block: Other             |    23 |    14 |    66 |    39 |   147 |       ||   289
         Reflection        |       |       |     1 |     1 |    12 |       ||    14
         Buckler           |       |       |       |       |     9 |    30 ||    39
